 Dungeon Crawl Stone Soup version 0.27-a0-216-g1fbed8a51c (webtiles) character file.

Game seed: 16679766016088068159

72 jasper the Ducker (level 4, -1/22 HPs)
             Began as a Spriggan Transmuter on Jan 31, 2021.
             Slain by an orc priest
             ... wielding a +0 mace
              (8 damage)
             ... on level 3 of the Dungeon.
             The game lasted 00:03:07 (2542 turns).

jasper the Ducker (Spriggan Transmuter)             Turns: 2542, Time: 00:03:07

Health: -1/22      AC:  2    Str:  7    XL:     4   Next: 6%
Magic:  5/9        EV: 19    Int: 14    God:
Gold:   125        SH:  0    Dex: 16    Spells: 5/8 levels left

rFire    . . .     SeeInvis +     - Unarmed
rCold    . . .     Faith    .   (shield restricted)
rNeg     . . .     Spirit   .   a - +0 robe
rPois    .         Reflect  .   (helmet currently unavailable)
rElec    .         Harm     .   (no cloak)
rCorr    .         Rampage  .   (gloves unavailable)
Will     .....                  (boots unavailable)
Stlth    +.........             o - amulet of regeneration
HPRegen  0.47/turn              (no ring)
MPRegen  0.11/turn              (no ring)

@: appendages (expiring), wereblooded, very quick
A: very small, unfitting armour, horns 2, talons 2, see invisible, speed 3
a: End Transformation


You were on level 3 of the Dungeon.
You had grown temporary horns.
You had grown temporary talons.
You visited 1 branch of the dungeon, and saw 3 of its levels.

You collected 125 gold pieces.

Inventory:

Missiles
 c - 133 stones
 r - 12 poisoned darts (quivered)
Armour
 a - a +0 robe (worn)
Jewellery
 k - an uncursed amulet of guardian spirit
 o - an amulet of regeneration (around neck)
Scrolls
 b - 2 scrolls of amnesia {unknown}
 d - a scroll of teleportation {unknown}
 g - 2 scrolls of identify {unknown}
 l - 2 scrolls of magic mapping {unknown}
 n - a scroll of random uselessness {unknown}
 q - a scroll of fog {unknown}
Potions
 e - a potion of haste {unknown}
 f - a potion of curing {unknown}
 h - 3 potions of heal wounds {unknown}
 i - a potion of flight {unknown}
 j - a potion of lignification {unknown}
 m - a potion of attraction {unknown}
 p - a potion of magic {unknown}


   Skills:
 + Level 1.4 Fighting
 + Level 3.9 Dodging
 * Level 3.1 Unarmed Combat
 - Level 2.6 Spellcasting
 + Level 3.5 Transmutations


You had 5 spell levels left.
You knew the following spells:

 Your Spells              Type           Power        Failure   Level
a - Beastly Appendage     Tmut           22%          5%          1
b - Wereblood             Tmut           11%          8%          2

Your spell library contained the following spells:

 Spells                   Type           Power        Failure   Level
 Spider Form              Tmut/Pois      3%           32%         3
 Ice Form                 Ice/Tmut       6%           71%         4
 Blade Hands              Tmut           5%           82%         5


Dungeon Overview and Level Annotations

Branches:
Dungeon (3/15)

Altars:

Annotations:
D:3 1 runed translucent door, foci's ghost, amateur GrGl


Innate Abilities, Weirdness & Mutations

You are very small and have problems with some larger weapons.
You are too small for most types of armour.
You have supernaturally acute eyesight. (SInv)
You cover ground extremely quickly.
You have a pair of horns on your head.
You have razor-sharp toenails.


Message History

Beogh smites you!
Ouch! That really hurt!
You have reached level 4!
You take 10 damage, and have 8/22 hp.
MASSIVE DAMAGE!!
You hit the orc.
The orc is moderately wounded.
You hit the orc. You claw the orc.
You kill the orc!
The orc closely misses you.
You closely miss the orc. You headbutt the orc. You punch the orc.
You kill the orc!
Your transformation is almost over.
The orc priest hits you with a +0 mace.
You take 2 damage, and have 7/22 hp.
You hit the orc priest. Your kick misses the orc priest.
The orc priest is moderately wounded.
You hit the orc priest.
The orc priest is severely wounded.
The orc priest hits you with a +0 mace!
You die...

#.... #........... #....
#......$.... #....
#........... #....
#........... #....
#........... #.... .
#........... #.... ..
#...)o...... ...#....
...####@########...#....
...................#....
.................!.#....
...................#....
########.........###....
.......................
.......................
###....#........##.###.
#....#.......)...###+


You could see an orc priest.

Vanquished Creatures
  5 worms (D:2)
  2 dart slugs
  3 leopard geckos (D:2)
  3 orcs (D:3)
  A ball python (D:1)
  9 bats
  2 giant cockroaches
  A goblin (D:2)
  5 hobgoblins
  A quokka (D:2)
  A frilled lizard (D:2)
  6 kobolds
  10 rats
49 creatures vanquished.

Notes
Turn   | Place    | Note
-------+----------+-------------------------------------------
     0 | D:1      | jasper the Spriggan Transmuter began the quest for the Orb.
     0 | D:1      | Reached XP level 1. HP: 9/9 MP: 5/5
   228 | D:1      | Reached skill level 1 in Fighting
   256 | D:1      | Reached XP level 2. HP: 9/14 MP: 4/6
  1000 | D:2      | Learned a level 2 spell: Wereblood
  1168 | D:2      | Reached XP level 3. HP: 18/18 MP: 6/8
  2508 | D:3      | Found a runed translucent door.
  2508 | D:3      | Noticed a centaur
  2509 | D:3      | Noticed foci's ghost (amateur GrGl)
  2538 | D:3      | Reached XP level 4. HP: 8/22 MP: 5/9
  2542 | D:3      | Slain by an orc priest

Illustrated notes

Levels and vault maps discovered:
D:1:      amcnicky_arrival_abandoned_market, layout_basic
D:2:      layout_basic
D:3:      layout_basic, ebering_ghost_inner_flame, grunt_gozag_statues

Skill      XL: |  1  2  3 |
---------------+----------+-----
Fighting       | 1 |  1.4
Transmutations | 3 |  3.5
Unarmed Combat | 3 |  3.1
Dodging        | |  3.9
Spellcasting   | |  2.6

Action                   |  1- 3 |  4- 6 || total
-------------------------+-------+-------++-------
Melee: Unarmed           |   183 |     5 ||   188
       Kick              |    29 |     1 ||    30
       Headbutt          |    21 |     1 ||    22
       Punch             |     1 |     1 ||     2
 Cast: Beastly Appendage |    16 |       ||    16
       Wereblood         |     1 |       ||     1
 Stab: Sleeping          |     5 |       ||     5
Armor: Robe              |    18 |       ||    18
Dodge: Dodged            |   156 |     1 ||   157

Table legend: (Time is in decaauts)
 A = Elapsed time spent in this place.
 B = Non-inter-level travel time spent in this place.
 C = Inter-level travel time spent in this place.
 D = Time resting spent in this place.
 E = Time spent auto-exploring this place.
 F = Levels seen in this place.
 G = Mean time per level.
                   A        B        C        D        E       F      G
               +--------+--------+--------+--------+--------+-----+--------+
         Total |   2093 |   2079 |     14 |    464 |   1237 |   3 |  697.7 |
       Dungeon |   2093 |   2079 |     14 |    464 |   1237 |   3 |  697.7 |
               +--------+--------+--------+--------+--------+-----+--------+

Top non-repeatable levels by time:
     D:2: 1282 daAuts
     D:1: 645 daAuts
     D:3: 165 daAuts
